 Dungeon Crawl Stone Soup version 0.29.0-4-gdea44cf6ec (webtiles) character file.

Game seed: 10387313077238704594

350 qw the Chopper (level 6, 1/1 (35) HPs)
             Began as a Tengu Warper on Aug 28, 2022.
             Tarried too long and was consumed by Zot
             ... on level 3 of the Dungeon.
             The game lasted 00:05:55 (29564 turns).

qw the Chopper (Tengu Warper)                      Turns: 29564, Time: 00:05:55

HP:   1/1 (35)      AC:  9    Str: 13    XL:     6   Next: 61%
MP:   10/10         EV:  8    Int: 13    God:
Gold: 183           SH:  0    Dex: 20    Spells: 9/9 levels left

rFire   . . .      SeeInvis .   Y - +0 war axe
rCold   + . .      Faith    .   (no shield)
rNeg    . . .      Spirit   .   k - +0 chain mail {rC+}
rPois   .          Reflect  .   (helmet restricted)
rElec   .          Harm     .   (no cloak)
rCorr   .          Rampage  .   (no gloves)
Will    .....                   (boots unavailable)
Stlth   ..........              (no amulet)
HPRegen 0.01/turn               e - +6 ring of dexterity
MPRegen 0.12/turn               (no ring)

@: flying quickly and evasively, extremely drained, bezotted and risking death,
quick
A: beak, talons 3, nimble flight
a: no special abilities


You were on level 3 of the Dungeon.
You visited 1 branch of the dungeon, and saw 4 of its levels.

You collected 183 gold pieces.


Innate Abilities, Weirdness & Mutations

You have a beak for a mouth.
You have claws for feet.
Your magical nature lets you fly swiftly and evasively.


   Skills:
 - Level 2.0 Fighting
 + Level 6.5 Axes
 - Level 1.0 Throwing
 - Level 3.5 Armour
 - Level 2.1 Dodging
 - Level 2.0 Spellcasting
 - Level 2.4 Translocations


You had 9 spell levels left.
You didn't know any spells.
Your spell library contained the following spells:

 Spells                   Type           Power      Damage    Failure   Level
 Blink                    Tloc           14%        N/A       99%         2
 Gell's Gravitas          Tloc           7%         N/A       100%        3
 Lesser Beckoning         Tloc           7%         N/A       100%        3
 Teleport Other           Tloc           7%         N/A       100%        3
 Manifold Assault         Tloc           7%         N/A       100%        5

Inventory:

Hand Weapons
 o - a +0 morningstar
 Y - a +0 war axe (weapon)
Missiles
 b - 6 boomerangs (quivered)
Armour
 k - a +0 chain mail of cold resistance (worn)
Jewellery
 e - a +6 ring of dexterity (left hand)
Scrolls
 a - 3 scrolls of identify
Potions
 d - 3 potions of mutation
 f - a potion of might
 i - a potion of cancellation
 l - a potion of curing

Dungeon Overview and Level Annotations

Branches:
Dungeon (4/15) Zot: 0! Temple: D:4-7 You are so drained that the power of Zot will kill you!

Altars:
Vehumet
Yredelemnul


Message History

There is an escape hatch in the floor here.
There is a stone staircase leading down here.
There is a stone staircase leading down here.
There is an escape hatch in the floor here.
There is a stone staircase leading down here.
There is a stone staircase leading down here.
There is an escape hatch in the floor here.
There is a stone staircase leading down here.
There is a stone staircase leading down here.
Zot draws nearer.
Dive deeper or flee this branch before you perish!
There is an escape hatch in the floor here.
There is a stone staircase leading down here.
There is an escape hatch in the floor here.
There is a stone staircase leading down here.
There is an escape hatch in the floor here.
There is a stone staircase leading down here.
There is a stone staircase leading down here.
There is a stone staircase leading down here.
There is an escape hatch in the floor here.
There is a stone staircase leading down here.
There is an escape hatch in the floor here.
There is a stone staircase leading down here.
There is a stone staircase leading down here.
There is a stone staircase leading down here.
There is an escape hatch in the floor here.
There is a stone staircase leading down here.
There is an escape hatch in the floor here.
There is a stone staircase leading down here.
There is a stone staircase leading down here.
There is a stone staircase leading down here.
There is an escape hatch in the floor here.
There is a stone staircase leading down here.
Zot has nearly found you.
Death is approaching.
Descend or flee this branch!
There is an escape hatch in the floor here.
There is a stone staircase leading down here.
There is a stone staircase leading down here.
There is an escape hatch in the floor here.
There is a stone staircase leading down here.
Zot unmakes you!
You die...

...............#..####
##############....# ##...#
##....# #..#.)### #####
###.##....###..>#
###########...###.........#
...>.........##...###'###.#
.##.#####..#....@.# #.# #.#
.##..# #.#####...###.###.#
.###.# #.# #...+.._###.# .#
#.####.# #.(.###.###.#
.###......#####...# #.# #.#
..####..........#.###+###.#
........#########.........#
....##.#### #####.#####
..........######### #.#


There were no monsters in sight!

Vanquished Creatures
  A sky beast (D:4)
  2 orc priests
  Terence (D:3)
  8 adders
  A worm (D:2)
  6 dart slugs
  9 orcs
  5 bats
  5 endoplasms
  2 giant cockroaches
  5 goblins
  6 hobgoblins
  4 jackals (D:3)
  9 kobolds
  3 quokkas
  3 ball pythons
  5 frilled lizards
  5 rats
  A spectral kobold (D:1)
81 creatures vanquished.

Notes
Turn   | Place    | Note
-------+----------+-------------------------------------------
     0 | D:1      | qw the Tengu Warper began the quest for the Orb.
     0 | D:1      | Reached XP level 1. HP: 12/12 MP: 4/4
     0 | D:1      | 0 ||| qw: Version: 0.1-a-89-g26bdef1
     0 | D:1      | 0 ||| qw: Game counter: 1855
     0 | D:1      | 0 ||| qw: Always use a shield: true
     0 | D:1      | 0 ||| qw: God list: Okawaru
     0 | D:1      | 0 ||| qw: Allow faded altars: false
     0 | D:1      | 0 ||| qw: Do Orc after D:15 true
     0 | D:1      | 0 ||| qw: Do second Lair branch before Depths: true
     0 | D:1      | 0 ||| qw: Lair rune preference: random
     0 | D:1      | 0 ||| qw: Plans: Normal
     0 | D:1      | 0 ||| PLANNING D:1-11
   107 | D:1      | Found a faded altar of an unknown god.
   147 | D:1      | Reached XP level 2. HP: 11/17 MP: 6/6
   148 | D:1      | Reached skill level 3 in Axes
   378 | D:1      | 378 ||| DROPPING +0 club.
   739 | D:1      | Reached XP level 3. HP: 17/21 MP: 7/7
  1017 | D:1      | 1017 ||| READING 3 scrolls labelled LULICVODIKA.
  1018 | D:1      | 1018 ||| READING scroll labelled JOIC GOPRUGA.
  1019 | D:1      | 1019 ||| READING scroll labelled XEP DOACOTUNOLOXT.
  1020 | D:1      | 1020 ||| READING 2 scrolls of identify.
  1020 | D:1      | 1020 ||| IDENTIFYING grey potion
  1021 | D:1      | 1021 ||| DROPPING scroll of blinking.
  1051 | D:2      | 1051 ||| Stepping ~*~*~tactically~*~*~ (stealth).
  1056 | D:2      | Reached skill level 4 in Axes
  1113 | D:2      | 1113 ||| DROPPING +0 whip.
  1133 | D:2      | HP: 5/21 [poisoned by an adder]
  1664 | D:2      | Reached XP level 4. HP: 26/26 MP: 8/8
  1900 | D:2      | 1900 ||| Stepping ~*~*~tactically~*~*~ (stealth).
  1907 | D:2      | Reached skill level 5 in Axes
  1968 | D:2      | 1968 ||| Stepping ~*~*~tactically~*~*~ (stealth).
  2434 | D:2      | 2434 ||| UPGRADING to +0 ring mail.
  2444 | D:2      | 2444 ||| DROPPING +0 leather armour.
  2445 | D:2      | 2445 ||| UPGRADING to +0 chain mail of cold resistance.
  2455 | D:2      | 2455 ||| DROPPING +0 ring mail.
  2456 | D:2      | 2456 ||| READING scroll labelled ZIYDUU HYRY.
  2457 | D:2      | 2457 ||| READING scroll labelled RUACKA XECAUDE.
  2458 | D:2      | 2458 ||| READING 3 scrolls of identify.
  2458 | D:2      | 2458 ||| IDENTIFYING murky amethyst potion
  2459 | D:2      | 2459 ||| READING 2 scrolls of identify.
  2459 | D:2      | 2459 ||| IDENTIFYING black potion
  2460 | D:2      | 2460 ||| DROPPING potion of magic.
  2539 | D:3      | 2539 ||| Stepping ~*~*~tactically~*~*~ (stealth).
  2542 | D:3      | 2542 ||| Stepping ~*~*~tactically~*~*~ (stealth).
  2544 | D:3      | 2544 ||| Stepping ~*~*~tactically~*~*~ (hiding).
  2548 | D:3      | 2548 ||| FLEEEEING.
  2549 | D:3      | 2549 ||| Stepping ~*~*~tactically~*~*~ (hiding).
  2560 | D:3      | Gained mutation: Your magical nature lets you fly swiftly
                  | and evasively. [Tengu growth]
  2560 | D:3      | Reached XP level 5. HP: 19/30 MP: 9/9
  2643 | D:3      | 2643 ||| FLEEEEING.
  2644 | D:3      | 2644 ||| FLEEEEING.
  2646 | D:3      | 2646 ||| FLEEEEING.
  2650 | D:3      | 2650 ||| FLEEEEING.
  2651 | D:3      | 2651 ||| FLEEEEING.
  2652 | D:3      | 2652 ||| STAIRDANCE
  2686 | D:2      | 2686 ||| READING 2 scrolls of identify.
  2686 | D:2      | 2686 ||| IDENTIFYING white potion
  2897 | D:3      | 2897 ||| SWAPPING to +0 war axe.
  2898 | D:3      | 2898 ||| DROPPING +1 hand axe of protection.
  2904 | D:3      | Found a basalt altar of Yredelemnul.
  2927 | D:3      | Noticed Terence
  2937 | D:3      | Killed Terence
  2938 | D:3      | Reached skill level 6 in Axes
  3300 | D:3      | Found a faded altar of an unknown god.
  3396 | D:3      | 3396 ||| UPGRADING to +6 ring of dexterity.
  3397 | D:3      | 3397 ||| DRINKING 2 lumpy amethyst potions.
  3398 | D:3      | 3398 ||| READING 3 scrolls of identify.
  3398 | D:3      | 3398 ||| IDENTIFYING metallic yellow potion
  3399 | D:3      | 3399 ||| READING 2 scrolls of identify.
  3399 | D:3      | 3399 ||| IDENTIFYING sedimented puce potion
  3400 | D:3      | 3400 ||| DROPPING potion of brilliance.
  3401 | D:3      | 3401 ||| DROPPING potion of lignification.
  3402 | D:3      | 3402 ||| DROPPING potion of attraction.
  3435 | D:3      | 3435 ||| Stepping randomly (stuck).
  3473 | D:4      | Noticed a sky beast
  3488 | D:4      | Killed a sky beast
  3489 | D:4      | Reached skill level 3 in Armour
  3489 | D:4      | Reached XP level 6. HP: 11/35 MP: 10/10
  3756 | D:4      | Found a radiant altar of Vehumet.
  3927 | D:4      | HP: 5/35 [orc priest/nerve-wracking pain (7)]
  4200 | D:4      | 4200 ||| DROPPING +0 flail.
  4373 | D:4      | 4373 ||| READING scroll labelled TOTAASM LAENAKKE.
  4374 | D:4      | 4374 ||| READING 3 scrolls labelled UMNEUG VY YBIH.
  4379 | D:4      | 4379 ||| READING scroll labelled DELUSAE REUFE.
  4380 | D:4      | 4380 ||| READING 4 scrolls of identify.
  4380 | D:4      | 4380 ||| IDENTIFYING emerald potion
  4381 | D:4      | 4381 ||| DROPPING potion of flight.
  4382 | D:4      | 4382 ||| READING 2 scrolls of teleportation.
  4402 | D:3      | 4402 ||| READING scroll of teleportation.
 25117 | D:3      | Glimpsed the power of Zot.
 25673 | D:3      | Glimpsed the power of Zot.
 26117 | D:3      | Glimpsed the power of Zot.
 26228 | D:3      | Touched by the power of Zot.
 26229 | D:3      | Glimpsed the power of Zot.
 26784 | D:3      | Glimpsed the power of Zot.
 27229 | D:3      | Glimpsed the power of Zot.
 27340 | D:3      | Touched by the power of Zot.
 27341 | D:3      | Glimpsed the power of Zot.
 27896 | D:3      | Glimpsed the power of Zot.
 28341 | D:3      | Glimpsed the power of Zot.
 28452 | D:3      | Touched by the power of Zot.
 28453 | D:3      | Glimpsed the power of Zot.
 29008 | D:3      | Glimpsed the power of Zot.
 29453 | D:3      | Glimpsed the power of Zot.
 29564 | D:3      | Tarried too long and was consumed by Zot

Levels and vault maps discovered:
D:1:      minmay_arrival_arboretum_small, layout_basic,
          dreamdust_ecumenical_altar_drowned_temple, lemuel_another_geyser
D:2:      minmay_diamond_boxcup, layout_basic
D:3:      layout_rooms, nicolae_overflow_ecumenical_swirl, lemuel_doored_altar,
          uniq_terence
D:4:      layout_cave_pools, mainiacjoe_overflow_tiny_flanked

Skill      XL: |  1  2  3  4  5 |
---------------+----------------+-----
Axes           | 3 4 5 6 |  6.5
Armour         | 3 |  3.5
Fighting       | |  2.0
Throwing       | |  1.0
Dodging        | |  2.1
Spellcasting   | |  2.0
Translocations | |  2.4

Action                   |  1- 3 |  4- 6 || total
-------------------------+-------+-------++-------
Melee: Hand axe          |    64 |    67 ||   131
       Peck              |     8 |    23 ||    31
       Kick              |    14 |    24 ||    38
       Punch             |       |     2 ||     2
       War axe           |       |    45 ||    45
Throw: Boomerang         |     7 |    23 ||    30
  Use: Scroll            |     4 |    13 ||    17
       Potion            |       |     1 ||     1
Armor: Leather armour    |    12 |    10 ||    22
       Chain mail        |       |    40 ||    40
Dodge: Dodged            |    27 |    45 ||    72

Table legend:
 A = Non-vault XP
 B = Vault XP
 C = Vault XP percentage of total XP
 D = Non-vault monster count
 E = Vault monster count
 F = Vault count percentage of total count
                 A         B        C        D         E       F
            +---------+---------+-------+---------+---------+-------
      Total |     428 |      73 |  14.6 |      68 |      13 |  16.0
            +---------+---------+-------+---------+---------+-------
        D:1 |      42 |       1 |   2.3 |      24 |       1 |   4.0
        D:2 |      53 |      36 |  40.4 |      10 |      11 |  52.4
        D:3 |     104 |      36 |  25.7 |      19 |       1 |   5.0
        D:4 |     229 |       0 |   0.0 |      15 |       0 |   0.0
            +---------+---------+-------+---------+---------+-------
